 Dungeon Crawl Stone Soup version 0.31-a0-1205-g5e5e916f41 (webtiles) character file.

Game seed: 10180377567930778064

348 MacCMillion the Sneak (level 6, 0/30 HPs)
             Began as a Vine Stalker Brigand on Dec 13, 2023.
             Splashed by a jelly's acid (9 damage)
             ... on level 4 of the Dungeon.
             The game lasted 00:05:06 (2488 turns).

MacCMillion the Sneak (Vine Stalker Brigand)        Turns: 2488, Time: 00:05:07

Health: 0/30       AC:  0    Str: 14    XL:     6   Next: 60%
Magic:  0/7        EV: 11    Int: 11    God:
Gold:   91         SH:  0    Dex: 17    Spells: 5/5 levels left

rFire   . . .        t - +4 dagger
rCold   . . .        (no shield)
rNeg    . . .        b - +0 robe
rPois   .            (no helmet)
rElec   .            c - +0 cloak
rCorr   .            g - +0 pair of gloves
SInv    .            (no boots)
Will    .....        (no amulet)
Stlth   ++++         (no ring)
HPRegen 1.05/turn    (no ring)
MPRegen 0.10/turn

%: guardian spirit
@: corroded
A: fangs 2, regeneration 1, magic shield, antimagic bite, no potion heal 2
a: no special abilities


You were on level 4 of the Dungeon.
You visited 1 branch of the dungeon, and saw 4 of its levels.

You collected 91 gold pieces.

Inventory:

Hand Weapons
 a - a +2 dagger
 t - a +4 dagger (weapon)
Missiles
 d - 9 poisoned darts (quivered)
 e - 3 curare-tipped darts
Armour
 b - a +0 robe (worn)
 c - a +0 cloak (worn)
 g - a +0 pair of gloves (worn)
Jewellery
 f - a ring of resist corrosion
Wands
 v - a wand of roots (2)
Scrolls
 k - a scroll of fog {unknown}
 l - a scroll of noise {unknown}
 m - a scroll of vulnerability {unknown}
 n - 2 scrolls of teleportation {unknown}
 p - a scroll of enchant armour {unknown}
 r - a scroll of blinking {unknown}
 w - 2 scrolls of identify {unknown}
Potions
 h - a potion of lignification {unknown}
 i - a potion of might {unknown}
 j - a potion of haste {unknown}
 o - a potion of curing {unknown}
 q - a potion of heal wounds {unknown}
 s - a potion of invisibility {unknown}
 u - a potion of degeneration {unknown}


   Skills:
 - Level 1.7 Fighting
 + Level 3.4 Short Blades
 + Level 3.4 Throwing
 - Level 0.7 Dodging
 * Level 7.6 Stealth


You had 5 spell levels left.
You didn't know any spells.
Your spell library contained the following spells:

 Spells                   Type           Power      Damage    Failure   Level
 Apportation              Tloc           0%         N/A       34%         1
 Slow                     Hex            0%         N/A       34%         1
 Jinxbite                 Hex            0%         N/A       47%         2
 Confusing Touch          Hex            0%         N/A       71%         3
 Sigil of Binding         Hex            0%         N/A       71%         3
 Vampiric Draining        Necr           0%         2d6       71%         3
 Alistair's Intoxication  Tmut/Pois      0%         N/A       100%        5


Dungeon Overview and Level Annotations

Branches:
Dungeon (4/15)
 Temple: D:4-7

Altars:
Ru


Innate Abilities, Weirdness & Mutations

You have extremely sharp teeth.
Your natural rate of healing is unusually fast.
When hurt, damage is shared between your health and your magic reserves.
Your bite disrupts and absorbs the magic of your enemies.
Potions cannot restore your health.


Message History

Done exploring.
Done exploring.
Done exploring.
Done exploring.
There is a stone staircase leading down here.
You climb downwards.
Found 12 gold pieces.
There is a stone staircase leading up here.
You now have 91 gold pieces (gained 12).
There is a stone staircase leading up here.
Found a buckler.
A hound comes into view.
The helpless hound fails to defend itself.
You spit the hound like a pig!!!
You kill the hound!
You open the door.
There is an open door here.
There is an open door here.
A jelly comes into view.
Found 5 stones.
The jelly quivers.
A goblin comes into view. It is wielding a +0 dagger.
The jelly hits you but does no damage.
You puncture the jelly! The acid corrodes you!
Your hands burn!
You bite the jelly, but do no damage.
The jelly is heavily wounded.
The jelly hits you.
You are splashed with acid!
You hit the jelly.
Your hands burn!
The jelly is heavily wounded.
The jelly hits you.
You are splashed with acid!
You are too injured to fight recklessly!
The jelly attacks as it pursues you! The jelly closely misses you.
The jelly attacks as it pursues you! The jelly misses you.
You hit the jelly.
Your hands burn!
* * * LOW HITPOINT WARNING * * *
The jelly is almost dead.
The jelly hits you.
* * * LOW HITPOINT WARNING * * *
You are splashed with acid!
You die...

#^......# ##.# ##
##.....## #.# #.#
##...## #.# #.. ##'##
#.# #..#### #.# #.#
####....g #.# #.#
#.....(.# ##.## #..
#.#.#########...## ###
#.....J@.........#
###.#########...########
#.# #........... ..#
##.######### #### #.#
#.# #.# #.# #.#


You could see a jelly.

Vanquished Creatures
  Grinder (D:3)
  A hound (D:4)
  Ijyb (D:3)
  4 adders
  3 worms
  9 orcs (D:3)
  5 ball pythons
  5 endoplasms
  A giant cockroach (D:3)
  3 goblins
  4 hobgoblins
  2 quokkas
  4 bats
  2 frilled lizards
  5 kobolds
  5 rats
55 creatures vanquished.

Notes
Turn   | Place    | Note
-------+----------+-------------------------------------------
     0 | D:1      | MacCMillion the Vine Stalker Brigand began the quest for
                  | the Orb.
     0 | D:1      | Reached XP level 1. HP: 11/11 MP: 2/2
   123 | D:1      | Reached skill level 5 in Stealth
   321 | D:1      | Reached XP level 2. HP: 15/15 MP: 3/3
   860 | D:2      | Reached XP level 3. HP: 10/18 MP: 4/4
  1218 | D:2      | Reached XP level 4. HP: 23/23 MP: 5/5
  1568 | D:3      | Found a sacrificial altar of Ru.
  1713 | D:3      | Noticed Grinder
  1720 | D:3      | Killed Grinder
  1721 | D:3      | Reached skill level 7 in Stealth
  1721 | D:3      | Reached XP level 5. HP: 26/26 MP: 4/6
  1721 | D:3      | Reached XP level 6. HP: 30/30 MP: 4/7
  2222 | D:3      | Noticed Ijyb
  2241 | D:3      | HP: 1/30 [constriction (4)]
  2243 | D:3      | Killed Ijyb
  2488 | D:4      | Splashed by a jelly's acid

Illustrated notes

Levels and vault maps discovered:
D:1:      elethiomel_arrival_infinity_welcomes_careful_drivers,
          layout_loops_ring
D:2:      layout_basic, chequers_serial_rivers_micro_e, minmay_stone_trees_small
D:3:      layout_loops_cross, old_standard_altar, uniq_ijyb, uniq_grinder
D:4:      layout_loops_corners, kennysheep_pointless_box,
          nicolae_concentric_dashed_squares_mild

Skill      XL: |  1  2  3  4 |
---------------+-------------+-----
Stealth        | 5 7 |  7.6
Throwing       | 2 3 |  3.4
Short Blades   | 2 3 |  3.4
Fighting       | |  1.7
Dodging        | |  0.7

Action                     |  1- 3 |  4- 6 || total
---------------------------+-------+-------++-------
  Melee: Dagger            |    63 |    89 ||   152
         Bite              |    14 |    22 ||    36
  Throw: Dart              |       |     2 ||     2
   Stab: Sleeping          |    11 |     7 ||    18
 Armour: Robe              |    22 |    38 ||    60
  Dodge: Dodged            |    28 |    28 ||    56

Table legend: (Time is in decaauts)
 A = Elapsed time spent in this place.
 B = Non-inter-level travel time spent in this place.
 C = Inter-level travel time spent in this place.
 D = Time resting spent in this place.
 E = Time spent auto-exploring this place.
 F = Levels seen in this place.
 G = Mean time per level.
                   A        B        C        D        E       F      G
               +--------+--------+--------+--------+--------+-----+--------+
         Total |   2467 |   2416 |     51 |    102 |   1747 |   4 |  616.8 |
       Dungeon |   2467 |   2416 |     51 |    102 |   1747 |   4 |  616.8 |
               +--------+--------+--------+--------+--------+-----+--------+

Top non-repeatable levels by time:
     D:3: 871 daAuts
     D:2: 796 daAuts
     D:1: 716 daAuts
     D:4: 82 daAuts
